 Dungeon Crawl Stone Soup version 0.21.1-1-g345015f (webtiles) character file.

5 Mgcat the Chopper (level 1, -2/18 HPs)
             Began as a Human Berserker on Mar 1, 2018.
             Was a Follower of Trog.
             Slain by a kobold
             ... wielding a cursed -3 whip
              (4 damage)
             ... on level 1 of the Dungeon.
             The game lasted 00:00:20 (50 turns).

Mgcat the Chopper (Human Berserker)                   Turns: 50, Time: 00:00:21

Health: -2/18      AC:  2    Str: 17    XL:     1   Next: 88%
Magic:  1/1        EV: 12    Int:  7    God:    Trog [*.....]
Gold:   0          SH:  0    Dex: 12    Spells: 0/0 levels left

rFire    . . .     SeeInvis .   a - +0 hand axe
rCold    . . .     Gourm    .   (no shield)
rNeg     . . .     Faith    .   b - +0 animal skin
rPois    .         Spirit   .   (no helmet)
rElec    .         Reflect  .   (no cloak)
rCorr    .         Harm     .   (no gloves)
MR       .....                  (no boots)
Stlth    +.........             (no amulet)
HPRegen  0.06/turn              (no ring)
MPRegen  0.07/turn              (no ring)

@: no status effects
A: no striking features
a: Berserk, Burn Spellbooks, Renounce Religion


You were on level 1 of the Dungeon.
You worshipped Trog.
Trog was aware of your devotion.
You were not hungry.

You visited 1 branch of the dungeon, and saw 1 of its levels.

Inventory:

Hand Weapons
 a - a +0 hand axe (weapon)
Armour
 b - a +0 animal skin (worn)
Comestibles
 c - a ration
 d - 3 chunks of flesh {@w0}


   Skills:
 + Level 3.2 Fighting
 + Level 3.2 Axes
 - Level 2.0 Armour
 - Level 2.0 Dodging


You couldn't memorise any spells.
You didn't know any spells.

Dungeon Overview and Level Annotations

Branches:
Dungeon (1/15)

Altars:


Message History

Welcome, Mgcat the Human Berserker.
It is said that the Orb of Zot exists deep within this dungeon.
Trog says: Kill them all!
Press ? for a list of commands and other information.
Found a staircase leading out of the dungeon.
Lua error: attempt to yield across metamethod/C-call boundary You open the door.
There is an open door here.
d - a scroll labeled HOMISE QIOWAKK
As you read the scroll labeled HOMISE QIOWAKK, it crumbles to dust.
It is a scroll of identify.
You don't have any unidentified items.
A goblin comes into view. It is wielding a club.
The goblin shouts!
A goblin is nearby!
A goblin is nearby!
A goblin is nearby!
A dart slug comes into view.
The dart slug barely misses you.
You closely miss the goblin. You hit the dart slug.
The goblin hits you with a club.
You hit the dart slug.
The dart slug is almost dead.
You barely miss the goblin. The goblin hits you with a club.
The dart slug closely misses you.
You slash the dart slug!
You kill the dart slug!
Trog accepts your kill.
You hit the goblin.
You kill the goblin!
Trog accepts your kill.
No target in view!
No target in view!
No target in view!
Things that are here:
a club; a goblin corpse You butcher the goblin corpse.
d - 3 chunks of flesh {@w0} You see here a club. x2
A hobgoblin comes into view. It is wielding a club.
The hobgoblin shouts!
A bat comes into view.
The hobgoblin closely misses you.
You barely miss the hobgoblin. The hobgoblin closely misses you.
You barely miss the hobgoblin. The hobgoblin completely misses you.
A kobold comes into view. It is wielding a whip.
The kobold shouts!
You hit the hobgoblin.
The hobgoblin is moderately wounded.
You hear a shout! x2
The hobgoblin hits you with a club.
You are too injured to fight recklessly!
You are too injured to fight recklessly!
You are too injured to fight recklessly!
You are too injured to fight recklessly!
You hit the hobgoblin.
The hobgoblin is almost dead.
The hobgoblin barely misses you.
You hit the hobgoblin but do no damage.
The hobgoblin is almost dead.
The hobgoblin closely misses you.
You closely miss the hobgoblin.
The hobgoblin is almost dead.
You closely miss the bat. The bat closely misses you.
The hobgoblin barely misses you.
You barely miss the hobgoblin.
The hobgoblin is almost dead.
The hobgoblin hits you but does no damage.
You barely miss the hobgoblin.
The hobgoblin is almost dead.
You hit the bat but do no damage. The bat barely misses you.
The hobgoblin barely misses you.
You closely miss the hobgoblin.
The hobgoblin is almost dead.
You hit the kobold. The kobold hits you but does no damage.
The hobgoblin hits you but does no damage.
The kobold hits you with a whip!
You hit the hobgoblin.
You kill the hobgoblin!
Trog accepts your kill.
You completely miss the kobold. The kobold hits you with a whip.
* * * LOW HITPOINT WARNING * * *
You barely miss the kobold.
The kobold is moderately wounded.
The kobold hits you with a whip.
You die...

.
K..!################
......)@............
.###.#K#####.......#
#.#b# #..........
###.#.###..........
+....(...).........
###.#.###.#........
#.#.# #.#........
###.#.# #.#........
#.+...# #.######+##


You could see a bat and 2 kobolds.

Vanquished Creatures
  A dart slug (D:1)
  A goblin (D:1)
  A hobgoblin (D:1)
3 creatures vanquished.

Notes
Turn   | Place    | Note
-------+----------+-------------------------------------------
     0 | D:1      | Mgcat the Human Berserker began the quest for the Orb.
     0 | D:1      | Reached XP level 1. HP: 18/18 MP: 1/1
    49 | D:1      | HP: 2/18 [kobold/whip (5)]
    50 | D:1      | Slain by a kobold

Action                   || total
-------------------------++-------
Melee: Hand axe          ||    14
  Use: Scroll            ||     1
Armor: Animal skin       ||     1
Dodge: Dodged            ||    11

Vault maps used:
D:1:      minmay_arrival_three_doors, lexackson_kobold_supper

Table legend:
 A = Turns spent in this place as a percentage of turns spent in the entire game.
 B = Non-inter-level travel turns spent in this place as a percentage of non-inter-level travel turns spent in the entire game.
 C = Inter-level travel turns spent in this place as a percentage of turns spent in this place.
 D = Turns resting spent in this place as a percentage of non-inter-level travel turns spent in this place.
 E = Turns spent auto-exploring this place as a percentage of non-inter-level travel turns spent in this place.
 F = Non-inter-level travel turns spent in this place divided by the number of levels of this place that you've seen.
                   A       B       C       D       E      F
               +-------+-------+-------+-------+-------+----------------------
         Total | 100.0 | 100.0 |   0.0 |   0.0 |  52.0 |  50.0
       Dungeon | 100.0 | 100.0 |   0.0 |   0.0 |  52.0 |  50.0
               +-------+-------+-------+-------+-------+----------------------

Table legend:
 A = Kills in this place as a percentage of kills in entire the game.
 B = Kills by you in this place as a percentage of kills by you in the entire game.
 C = Kills by friends in this place as a percentage of kills by friends in the entire game.
 D = Other kills in this place as a percentage of other kills in the entire game.
 E = Experience gained in this place as a percentage of experience gained in the entire game.
 F = Experience gained in this place divided by the number of levels of this place that you have seen.
                   A       B       C       D       E      F
               +-------+-------+-------+-------+-------+----------------------
         Total | 100.0 | 100.0 |   N/A |   N/A | 100.0 |   8.0
       Dungeon | 100.0 | 100.0 |   N/A |   N/A | 100.0 |   8.0
               +-------+-------+-------+-------+-------+----------------------
